AoeStats
← jfittro25

Arena

510819119Analyzed
1v1 RM · 22h ago on Oct 2, 2026· 23m 30s· 2 players
Game mode
Random Map
Map size
Tiny (2 player)
Population
200
Speed
Normal
Resources
Standard
Victory
Conquest
Starting age
Dark Age
Ending age
Imperial Age
RankedLock teamsTeams togetherTeam positionsShared explorationLock speedFull tech treeHidden civsTurbo modeCheats
Victory
Defeat
🇹🇷 Khmer · Türkiye
961
+15
🇺🇸 Bohemians · United States
949
-44
jfittro25
4:36 Loom
19:19 Feudal Age
V. Leonghis
9:48 Feudal Age
10:36 Loom
13:49 Castle Age
11:45 Double-Bit Axe
13:00 Horse Collar
15:11 Wheelbarrow
16:09 Bow Saw
17:28 Heavy Plow
19:59 Town Watch
20:39 Hand Cart
Connection lost

Rejoining the realm…

Still unreachable

The connection could not be restored.

Session expired

The server has moved on; the page needs a fresh start.